 Dungeon Crawl Stone Soup version 0.28-a0-1447-ga5a8893891 (webtiles) character file.

Game seed: 9292409279654401737

783 freelancePsychic the Chopper (level 7, -2/63 HPs)
             Began as a Minotaur Fighter on Jan 11, 2022.
             Was a Follower of Okawaru.
             Killed by divine providence
             ... invoked by an orc priest
              (16 damage)
             ... on level 6 of the Dungeon.
             The game lasted 00:10:24 (4943 turns).

freelancePsychic the Chopper (Minotaur Fighter)     Turns: 4943, Time: 00:10:25

Health: -2/63      AC: 10    Str: 21    XL:     7   Next: 55%
Magic:  6/7        EV:  7    Int:  5    God:    Okawaru [*.....]
Gold:   125        SH:  4    Dex: 11    Spells: 6/6 levels left

rFire   . . .      SeeInvis .   a - +0 war axe
rCold   . . .      Faith    .   c - +0 buckler
rNeg    . . .      Spirit   .   h - +0 chain mail
rPois   .          Reflect  .   (helmet restricted)
rElec   .          Harm     .   x - +0 cloak
rCorr   .          Rampage  .   (no gloves)
Will    .....                   (no boots)
Stlth   ..........              (no amulet)
HPRegen 0.20/turn               (no ring)
MPRegen 0.10/turn               (no ring)

@: no status effects
A: horns 2, retaliatory headbutt
a: Renounce Religion, Heroism


You were on level 6 of the Dungeon.
You worshipped Okawaru.
Okawaru was aware of your devotion.
You visited 1 branch of the dungeon, and saw 6 of its levels.
You also visited: Sewer.

You collected 188 gold pieces.
You spent 63 gold pieces at shops.

Inventory:

Hand Weapons
 a - a +0 war axe (weapon)
 b - a +2 hunting sling of freezing
Missiles
 j - a silver boomerang
 k - 77 stones
 m - 15 poisoned darts (quivered)
 t - a throwing net
Armour
 c - a +0 buckler (worn)
 h - a +0 chain mail (worn)
 x - a +0 cloak (worn)
Jewellery
 e - a ring of ice
Wands
 s - a wand of flame (39)
 u - a wand of digging (5)
Scrolls
 d - a scroll of amnesia
 g - 2 scrolls of enchant armour
 l - a scroll of blinking {unknown}
 n - 2 scrolls of enchant weapon
 o - a scroll of noise
Potions
 f - a potion of curing {unknown}
 i - a potion of flight {unknown}
 p - a potion of mutation {unknown}
 q - a potion of ambrosia {unknown}
 r - a potion of degeneration {unknown}
 v - a potion of haste {unknown}
 w - 2 potions of resistance {unknown}


   Skills:
 + Level 6.2 Fighting
 * Level 7.6 Axes
 + Level 2.7 Throwing
 - Level 4.5 Armour
 - Level 3.6 Shields
 - Level 1.3 Invocations


You had 6 spell levels left.
You didn't know any spells.
Your spell library contained the following spells:

 Spells                   Type           Power      Damage    Failure   Level
 Ensorcelled Hibernation  Hex/Ice        0%         N/A       100%        2
 Spider Form              Tmut/Pois      0%         N/A       100%        3
 Anguish                  Hex/Necr       0%         N/A       100%        4


Dungeon Overview and Level Annotations

Branches:
Dungeon (5/15)              Sewer (visited)
 Temple: D:4-7

Altars:
Ashenzari
Cheibriados
Dithmenos
Fedhas
Gozag
Makhleb
Okawaru
Qazlal
Zin

Shops:
D:5 *

Annotations:
D:2 Natasha
D:3 2 transporters, Strat's ghost, amateur NaBr
D:5 Pikel


Innate Abilities, Weirdness & Mutations

You have a pair of horns on your head.
You reflexively headbutt those who attack you in melee.


Message History

The orc priest hits you with a +1 falchion of electrocution.
The orc warrior hits you from afar with a +0 glaive!
You barely miss the orc priest.
The orc shouts!
You headbutt the orc priest, but do no damage.
The orc priest is almost dead.
You hear a shout!
The orc wizard gestures wildly while chanting.
The orc wizard flickers and vanishes!
Deactivating autopickup; reactivate with Ctrl-A.
The orc priest calls down the wrath of Beogh upon you.
Pain shoots through your body! You block the orc warrior's attack.
You gain the combat prowess of a mighty hero.
You block the orc priest's attack.
The orc warrior hits you from afar with a +0 glaive.
The orc priest shouts!
You hit the orc priest. You headbutt the orc priest.
You kill the orc priest!
Okawaru accepts your kill. You block the orc warrior's attack.
Throw: 17 darts (poison)
Press: ? - help, Q - select action, (/) - cycle Shift-Dir - straight line, f - orc warrior
Aim: an orc warrior, wielding a +0 glaive and wearing a +0 chain mail (62% to hit)
You throw a poisoned dart. The poisoned dart hits the orc warrior!
The orc warrior is poisoned.
The orc warrior hits you but does no damage.
Throw: 16 darts (poison)
Press: ? - help, Q - select action, (/) - cycle Shift-Dir - straight line, f/p - orc warrior
Aim: an orc warrior, wielding a +0 glaive and wearing a +0 chain mail (very poisoned, 62% to hit)
You throw a poisoned dart. The poisoned dart hits the orc warrior!
The orc warrior looks as sick as possible!
The orc warrior hits you from afar with a +0 glaive!
A puff of flame appears from out of thin air!
The puff of flame hits you!
* * * LOW HITPOINT WARNING * * *
You see here a necrophage corpse.
You feel like a meek peon again.
The orc priest mumbles some strange prayers to Beogh against you.
Beogh smites you!
You die...

......##...##
####...####
.###..#..#.)#
#...#
........###(#
#...#
.###..#..#..#
##.## #.)##.(.##
#.# #.)##..## #.#
#....{.# #.#
#).###o#########.#
#..##..o..o..@...#
#..#.....#########
##...........
#.#.....####
#.##...## #.###.##
... ### ###


You could see an orc warrior (very poisoned), an orc priest and an orc.

Vanquished Creatures
  An ice beast (D:6)
  A necrophage (D:6)
  A lemure (D:5)
  A scorpion (D:4)
  3 orc priests
  A hound (D:5)
  An iguana (D:4)
  Natasha (D:2)
  An orc wizard (D:6)
  A hell rat (Sewer)
  A hound skeleton (D:5)
  Robin (D:1)
  9 gnolls
  4 adders
  3 river rats
  A shadow imp (D:6)
  2 ufetubi
  4 worms
  A dart slug (D:1)
  13 orcs
  7 ball pythons
  6 endoplasms
  4 giant cockroaches
  15 goblins
  10 hobgoblins
  6 jackals
  4 quokkas
  6 bats
  10 frilled lizards
  3 kobolds
  9 rats
131 creatures vanquished.

Notes
Turn   | Place    | Note
-------+----------+-------------------------------------------
     0 | D:1      | freelancePsychic the Minotaur Fighter began the quest for
                  | the Orb.
     0 | D:1      | Reached XP level 1. HP: 19/19 MP: 0/0
    70 | D:1      | Reached skill level 3 in Axes
    74 | D:1      | Found a faded altar of an unknown god.
    83 | D:1      | Reached XP level 2. HP: 27/27 MP: 1/1
   575 | D:2      | Reached XP level 3. HP: 33/33 MP: 2/2
   688 | D:2      | Reached skill level 4 in Axes
  1006 | D:2      | Noticed Robin
  1059 | D:1      | Killed Robin
  1060 | D:1      | Reached XP level 4. HP: 26/41 MP: 3/3
  1363 | D:3      | Noticed Natasha
  1372 | D:2      | Killed Natasha
  1546 | D:3      | Found an iron altar of Okawaru.
  1563 | D:3      | Became a worshipper of Warmaster Okawaru
  1601 | D:3      | Reached skill level 5 in Axes
  1615 | D:3      | Reached XP level 5. HP: 22/47 MP: 4/4
  1808 | D:2      | Noticed Natasha
  2047 | D:3      | Found a transporter.
  2099 | D:3      | Found a blossoming altar of Fedhas.
  2100 | D:3      | Found an opulent altar of Gozag.
  2100 | D:3      | Found a stormy altar of Qazlal.
  2161 | D:3      | Found a transporter.
  2177 | D:3      | Reached skill level 5 in Fighting
  2271 | D:3      | Noticed Strat's ghost (amateur NaBr)
  2325 | D:3      | Found a snail-covered altar of Cheibriados.
  2627 | D:4      | Found a burning altar of Makhleb.
  2639 | D:4      | Reached XP level 6. HP: 39/56 MP: 5/5
  2697 | D:4      | Found a glowing drain.
  2701 | Sewer    | Entered a sewer
  2708 | Sewer    | Reached skill level 6 in Axes
  2710 | Sewer    | Reached skill level 1 in Throwing
  3308 | D:4      | Found a glowing silver altar of Zin.
  3308 | D:4      | Noticed a cacodemon
  3308 | D:4      | Noticed an angel
  3502 | D:4      | Found a shadowy altar of Dithmenos.
  3523 | D:4      | Reached * piety under Okawaru
  4039 | D:5      | Entered Level 5 of the Dungeon
  4094 | D:5      | Reached skill level 1 in Invocations
  4146 | D:5      | Found Voer's Neck Hole.
  4155 | D:5      | Bought a +0 cloak for 63 gold pieces
  4177 | D:5      | Found a broken altar of Ashenzari.
  4526 | D:5      | Noticed Pikel
  4588 | D:5      | You fall into a shaft and drop 1 floor!
  4588 | D:6      | Noticed an orc warrior
  4695 | D:6      | Reached XP level 7. HP: 61/61 MP: 6/6
  4814 | D:6      | Reached skill level 7 in Axes
  4943 | D:6      | Killed from afar by an orc priest

Illustrated notes

Levels and vault maps discovered:
D:1:      minmay_arrival_radiant_lines, layout_rooms,
          hellmonk_ecumenical_altar_arch_garden
D:2:      layout_loops_cross, minmay_misc_feat_ornament, uniq_robin
D:3:      layout_basic, okawaru_gym_becter, cheibriados_altar_1,
          gammafunk_temple_overflow_claw, gammafunk_ghost_arena, uniq_natasha
D:4:      layout_loops_ring, grunt_temple_overflow_order_and_chaos_2,
          grunt_dithmenos_smoke, gup_sewer_entry_spiral
D:5:      layout_cave_pools, nicolae_ashenzari_panopticon,
          nicolae_shop_sticking_my_neck_out, uniq_pikel
D:6:      old_forge, layout_loops_ring, nicolae_uskayaw_dance_studio,
          minmay_temple_entry_enclosed_plants

Skill      XL: |  1  2  3  4  5  6  7 |
---------------+----------------------+-----
Axes           | 3 4 5 6 7 |  7.6
Fighting       | 4 5 6 |  6.2
Armour         | 4 |  4.5
Throwing       | 1 2 |  2.7
Invocations    | 1 |  1.3
Shields        | |  3.6

Action                   |  1- 3 |  4- 6 |  7- 9 || total
-------------------------+-------+-------+-------++-------
Melee: War axe           |   104 |   161 |    31 ||   296
       Headbutt          |     9 |    24 |     7 ||    40
 Fire: Hunting sling     |       |    36 |     8 ||    44
Throw: Dart              |       |       |     2 ||     2
Invok: Heroism           |       |       |     2 ||     2
  Use: Scroll            |       |     8 |       ||     8
       Potion            |       |     1 |       ||     1
Armor: Scale mail        |    40 |       |       ||    40
       Chain mail        |    17 |    80 |    13 ||   110
Dodge: Dodged            |    48 |    52 |     8 ||   108
Block: Buckler           |    29 |    37 |     9 ||    75

Table legend: (Time is in decaauts)
 A = Elapsed time spent in this place.
 B = Non-inter-level travel time spent in this place.
 C = Inter-level travel time spent in this place.
 D = Time resting spent in this place.
 E = Time spent auto-exploring this place.
 F = Levels seen in this place.
 G = Mean time per level.
                   A        B        C        D        E       F      G
               +--------+--------+--------+--------+--------+-----+--------+
         Total |   5077 |   4967 |    110 |   1240 |   2550 |   7 |  725.3 |
       Dungeon |   4525 |   4415 |    110 |    800 |   2504 |   6 |  754.2 |
         Sewer |    551 |    551 |      0 |    440 |     45 |   1 |  551.0 |
               +--------+--------+--------+--------+--------+-----+--------+

Top non-repeatable levels by time:
     D:4: 1337 daAuts
     D:3: 1000 daAuts
     D:2: 941 daAuts
     D:1: 630 daAuts
   Sewer: 551 daAuts
     D:6: 357 daAuts
     D:5: 258 daAuts
